Map: Megastructure

Players

Darius - Winner!

  • Race: Protoss Protoss
  • League: Gold
  • Spawn Location: 3:00

FunkyDanDog - Winner!

  • Race: Terran Terran
  • Spawn Location: 3:00

WeAreLegion - Winner!

  • Race: Terran Terran
  • League: Gold
  • Spawn Location: 1:00

PrismoHUB

  • Race: Protoss Protoss
  • League: Gold
  • Spawn Location: 9:00

Hermit

  • Race: Protoss Protoss
  • League: Gold
  • Spawn Location: 7:00

ElTurry

  • Race: Zerg Zerg
  • Spawn Location: 9:00

VOD

Have the link to the VOD?

Description

Time

  • Played on: Dec. 16, 2024, 11:40 p.m.
  • Length: 19:08
Show
View Real Time Build Order
Export as new Build Order

Darius Protoss - Winner!

Build Orders: Oracle Opening, Carriers 

Get SALT Encoding   

  12  0:01  Probe  
  13  0:13  Probe  
  14  0:27  Probe  
  15  0:31  Pylon  
  15  0:46  Probe  
  15  0:49  Gateway  
  16  0:54  Probe  
  16  0:57  Assimilator  
  16  1:03  Assimilator, Probe  
  18  1:11  Probe  
  19  1:19  Probe  
  19  1:20  Pylon  
  20  1:29  Probe  
  21  1:37  Cybernetics Core  
  21  1:42  Probe  
  22  1:54  Probe  
  23  2:05  Forge  
  23  2:06  Probe  
  24  2:18  Stargate  
  24  2:52  Oracle  
  24  2:55  Nexus  
  24  2:57  Pylon  
  26  3:18  Probe  
  27  3:29  Oracle, Gateway  
  27  3:30  Gateway  
  27  3:33  Gateway  
  30  3:36  Pylon  
  30  4:01  Nexus  
  30  4:07  Pylon  
  30  4:19  Pylon  
  30  4:27  Protoss Shields Level 1  
  30  4:29  Stargate  
  34  4:31  Void Ray  
  34  4:34  Probe  
  35  4:40  Photon Cannon  
  35  4:46  Shield Battery, Probe  
  36  5:37  Probe  
  37  5:46  Probe  
  38  5:55  Probe  
  46  5:59  Assimilator  
  46  6:01  Void Ray  
  46  6:02  Void Ray  
  47  6:06  Assimilator  
  47  6:08  Probe  
  48  6:20  Probe  
  48  6:21  Probe  
  50  6:32  Probe  
  51  6:33  Probe  
  52  6:44  Probe  
  52  6:45  Probe  
  54  6:56  Probe  
  54  6:57  Probe  
  56  7:01  Protoss Air Weapons Level 1  
  61  7:08  Probe  
  61  7:10  Void Ray  
  61  7:15  Stargate  
  61  7:20  Photon Cannon  
  61  7:21  Shield Battery  
  61  7:24  Pylon  
  61  7:34  Robotics Facility  
  61  7:40  Probe x2  
  71  7:55  Fleet Beacon  
  71  7:56  Void Ray x2  
  71  8:01  Twilight Council  
  71  8:04  Pylon  
  71  8:14  Protoss Shields Level 2  
  71  8:18  Nexus  
  71  8:19  Pylon  
  71  8:20  Pylon  
  79  8:37  Void Ray  
  79  8:39  Void Ray  
  79  8:46  Cybernetics Core  
  79  8:54  Pylon  
  79  8:56  Photon Cannon  
  79  9:01  Photon Cannon  
  79  9:02  Shield Battery  
  79  9:06  Assimilator  
  79  9:12  Assimilator  
  79  9:38  Phoenix x3  
  79  9:43  Protoss Air Armor Level 1  
  79  9:45  Anion Pulse-Crystals, Protoss Air Weapons Level 2  
  85  10:03  Phoenix x2  
  89  10:08  Probe x3  
  92  10:16  Phoenix  
  92  10:20  Probe x3  
  97  10:26  Protoss Shields Level 3  
  97  10:32  Probe  
  98  10:39  Flux Vanes  
  98  10:58  Probe  
  99  11:10  Probe, Photon Cannon  
  100  11:12  Photon Cannon  
  100  11:17  Photon Cannon  
  100  11:23  Probe  
  101  11:31  Nexus  
  101  11:34  Pylon  
  101  11:35  Pylon  
  101  11:54  Phoenix x3  
  107  12:18  Phoenix  
  109  12:53  Carrier x2  
  109  12:54  Carrier  
  109  12:57  Protoss Air Armor Level 2  
  127  12:59  Protoss Air Weapons Level 3  
  127  13:11  Stargate x2  
  127  13:13  Charge  
  121  13:58  Carrier  
  121  13:59  Carrier x2  
  91  14:38  Phoenix x2  
  91  15:02  Phoenix  
  91  15:03  Phoenix x4  
  97  15:43  Phoenix x3  
  97  15:44  Phoenix x2  
  107  15:59  Unknown  
  107  16:00  Probe  
  107  16:03  Probe  
  109  16:08  Phoenix x3  
  109  16:09  Phoenix x2  
  119  16:12  Probe  
  119  16:15  Probe  
  119  16:16  Observer  
  122  16:27  Probe  
  123  16:33  Phoenix x4  
  131  16:58  Carrier x2  
  131  16:59  Warp Gate, Carrier  
  149  17:21  Carrier  
Show
View Real Time Build Order
Export as new Build Order

FunkyDanDog Terran - Winner!

Build Orders:  

Get SALT Encoding   

  12  0:01  SCV  
  13  0:20  Supply Depot  
  13  0:27  SCV  
  14  0:39  SCV  
  15  0:47  Barracks  
  15  0:51  SCV  
  16  1:01  Refinery  
  16  1:03  SCV  
  17  1:15  SCV  
  18  1:33  Orbital Command  
  18  1:34  Supply Depot  
  18  1:45  Marine  
  19  2:03  SCV, Marine  
  19  2:08  Barracks  
  21  2:11  Barracks  
  21  2:19  SCV, Refinery  
  21  2:21  Marine  
  23  2:31  SCV  
  24  2:38  Marine  
  24  2:43  SCV  
  26  2:55  SCV  
  26  2:56  Marine  
  26  2:58  Factory  
  28  3:01  Ghost Academy  
  28  3:07  SCV  
  28  3:08  Barracks Tech Lab  
  28  3:12  Barracks Tech Lab  
  29  3:14  Marine  
  31  3:43  Barracks Reactor  
  30  3:52  Supply Depot  
  30  4:11  Personal Cloaking  
  30  4:13  Ghost, Hellion  
  30  4:15  Supply Depot  
  35  4:23  Command Center  
  35  4:27  Marauder  
  37  4:33  Stimpack  
  37  4:35  Hellion  
  39  4:56  Hellion  
  41  5:06  Marauder  
  45  5:07  Marine x2, Marauder  
  45  5:12  Supply Depot  
  47  5:33  Marine x2  
  47  5:35  Supply Depot  
  49  5:37  Combat Shield  
  49  5:49  Factory Tech Lab  
  49  5:50  Orbital Command  
  49  5:58  Engineering Bay  
  49  5:59  Supply Depot  
  49  6:04  Ghost  
  49  6:05  Ghost  
  49  6:06  Marine x2  
  49  6:10  Hellion  
  59  6:20  Orbital Command  
  59  6:22  Supply Depot  
  59  6:23  Armory  
  59  6:24  Marine  
  60  6:32  Terran Infantry Weapons Level 1, Hellion  
  62  6:33  Marauder  
  64  6:50  SCV  
  64  6:53  SCV  
  66  7:02  SCV  
  66  7:05  Supply Depot, SCV  
  68  7:14  SCV  
  69  7:17  Nuke, SCV  
  69  7:18  Starport  
  70  7:26  SCV  
  70  7:29  Supply Depot, SCV  
  72  7:32  Refinery  
  72  7:38  SCV  
  73  7:50  SCV  
  74  7:52  Supply Depot  
  74  7:53  Marine x2  
  74  7:56  Ghost  
  74  7:57  Marauder  
  81  8:03  SCV, Starport Reactor  
  82  8:09  Refinery  
  82  8:11  Marine x2  
  85  8:12  SCV  
  85  8:15  SCV  
  85  8:19  Marauder  
  88  8:25  Supply Depot, SCV, Marauder  
  88  8:26  Terran Infantry Armor Level 1  
  92  8:27  SCV  
  92  8:28  Marine  
  92  8:29  Marine  
  94  8:37  SCV  
  94  8:39  SCV  
  96  8:45  Marine  
  96  8:46  Marine x3  
  96  8:48  Supply Depot  
  100  8:50  Concussive Shells  
  100  8:54  Medivac  
  102  8:58  Medivac  
  104  9:03  Marine  
  104  9:04  Ghost  
  104  9:08  Missile Turret  
  108  9:11  SCV  
  109  9:21  Marauder  
  109  9:23  SCV  
  112  9:28  Medivac  
  114  9:33  Marauder  
  114  9:35  SCV  
  117  9:42  Marauder  
  119  9:51  Terran Ship Weapons Level 1  
  119  9:54  Marauder, Hellbat  
  119  9:55  Infernal Pre-Igniter  
  123  10:16  Hellbat  
  123  10:20  Terran Infantry Weapons Level 2  
  125  10:26  Command Center  
  125  10:37  Hellbat  
  127  10:52  Marine x2  
  127  10:53  Marine x2  
  131  10:57  Refinery  
  131  10:58  Hellbat  
  131  11:03  Refinery  
  133  11:10  Marine  
  134  11:11  Supply Depot  
  134  11:14  Marine x3, Viking  
  139  11:20  Hellbat  
  139  11:24  SCV  
  142  11:32  Ghost x2  
  142  11:33  Supply Depot  
  142  11:36  SCV  
  149  11:41  Thor  
  149  11:42  Planetary Fortress  
  149  11:45  Terran Vehicle Weapons Level 1  
  155  11:48  SCV  
  149  12:22  SCV  
  150  12:31  Missile Turret  
  150  12:34  SCV  
  150  12:36  Terran Infantry Armor Level 2  
  151  12:46  SCV  
  152  12:51  Marine x3, Missile Turret  
  152  12:52  Marine  
  152  12:56  Thor  
  152  12:58  SCV  
  163  13:09  Marine x4  
  163  13:10  SCV  
  163  13:11  Missile Turret  
  168  13:17  Supply Depot  
  168  13:22  SCV  
  169  13:27  Ghost  
  169  13:30  Missile Turret  
  172  13:38  Ghost  
  172  13:39  Terran Vehicle And Ship Armor Level 1  
  172  13:40  Supply Depot  
  175  13:50  Missile Turret  
  175  13:52  Command Center  
  175  13:55  Ghost  
  175  14:02  Viking x2  
  182  14:07  Supply Depot, Marauder  
  184  14:14  Supply Depot  
  184  14:25  Marauder  
  184  14:28  Marauder  
  175  14:32  Viking x2  
  175  14:37  Supply Depot  
  119  14:52  Terran Infantry Weapons Level 3  
  100  15:02  Viking x2  
  89  15:19  Ghost x2  
  95  15:21  Marine x2  
  97  15:31  Unknown  
  97  15:32  Viking x2  
  97  15:33  SCV  
  102  15:39  Marine x2  
  104  15:45  SCV  
  104  15:48  Marine, Ghost  
  104  15:49  Terran Vehicle Weapons Level 2  
  109  15:54  Nuke  
  109  16:00  Marine  
  109  16:01  Marine  
  109  16:02  Viking x2  
  115  16:15  Planetary Fortress  
  115  16:32  Viking x2  
  119  16:33  Marine x3  
  119  16:34  Marine  
  123  16:40  Thor  
  129  16:49  SCV  
  129  16:51  Marine, Ghost x2  
  137  16:56  Starport  
  137  17:01  SCV  
  137  17:02  Medivac x2  
  137  17:04  Marine  
  143  17:09  Marine  
  143  17:13  SCV  
  145  17:19  Ghost  
  145  17:20  Marine  
Show
View Real Time Build Order
Export as new Build Order

WeAreLegion Terran - Winner!

Build Orders: Reaper Expand 

Get SALT Encoding   

  12  0:00  SCV  
  13  0:13  SCV  
  14  0:17  Supply Depot  
  14  0:25  SCV  
  15  0:39  SCV  
  15  0:40  Barracks  
  16  0:45  Refinery  
  16  0:54  SCV  
  17  1:06  SCV  
  18  1:18  SCV  
  19  1:30  Orbital Command  
  19  1:32  Reaper  
  20  1:44  Command Center  
  20  1:54  Supply Depot  
  19  2:14  Factory  
  19  2:18  Marine  
  19  2:22  SCV  
  21  2:34  SCV  
  21  2:36  Marine  
  22  2:46  SCV  
  23  2:54  Barracks Reactor  
  24  3:00  SCV, Refinery  
  24  3:02  Orbital Command  
  24  3:06  Hellion  
  26  3:13  SCV  
  27  3:25  SCV  
  28  3:37  SCV  
  29  3:58  SCV x2  
  31  4:03  Starport  
  31  4:09  Barracks Tech Lab  
  31  4:10  SCV x2  
  31  4:14  Engineering Bay  
  33  4:22  SCV x2  
  35  4:32  Barracks  
  35  4:34  SCV x2  
  35  4:35  Barracks  
  35  4:36  Marine  
  38  4:46  SCV x2  
  38  4:48  Stimpack  
  38  4:49  Starport Tech Lab  
  40  4:54  Marine  
  40  4:58  SCV x2  
  43  5:02  Factory Tech Lab  
  43  5:07  Missile Turret  
  43  5:10  SCV x2  
  43  5:11  Marine  
  46  5:25  Barracks Tech Lab  
  46  5:37  Supply Depot  
  46  5:39  Supply Depot  
  46  5:40  Raven, SCV x2, Marine  
  46  5:41  Siege Tank  
  46  5:42  Barracks Reactor  
  54  5:53  Refinery  
  54  5:56  Refinery  
  54  5:58  Marine  
  54  5:59  SCV x2, Marauder  
  54  6:03  Command Center  
  59  6:07  Command Center  
  59  6:11  SCV x2  
  61  6:12  Armory  
  61  6:13  Siege Tank  
  61  6:14  Terran Infantry Weapons Level 1  
  61  6:15  Engineering Bay  
  61  6:16  Marine  
  65  6:22  Barracks  
  65  6:23  SCV x2, Marine x3  
  70  6:31  Interference Matrix  
  70  6:58  Terran Infantry Armor Level 1  
  70  7:05  Supply Depot  
  70  7:07  Supply Depot  
  70  7:15  SCV x2, Marine x2, Marauder x2, Siege Tank  
  81  7:27  SCV x2  
  83  7:30  Supply Depot  
  83  7:32  Supply Depot  
  83  7:36  Marine  
  83  7:37  Marauder  
  86  7:39  SCV x2  
  86  7:40  Barracks Reactor  
  88  7:49  Factory  
  88  7:51  SCV x2  
  88  7:54  Marine, Starport  
  88  7:55  Terran Ship Weapons Level 1  
  88  7:57  Marine  
  93  7:58  Marine  
  93  8:02  Orbital Command  
  93  8:03  SCV x2  
  93  8:04  Siege Tank  
  98  8:11  Medivac x2  
  98  8:12  Marauder  
  104  8:15  SCV x2  
  104  8:16  Marine, Marauder  
  109  8:27  SCV  
  109  8:33  Marine  
  111  8:34  Marine  
  111  8:37  Marine  
  113  8:44  Marine  
  113  8:45  Marine  
  115  8:51  Marauder  
  115  8:52  Marine  
  115  8:55  Marauder  
  120  8:56  Siege Tank  
  120  9:02  Marine x2  
  123  9:09  Viking x2  
  129  9:10  Marauder  
  129  9:13  Marauder  
  129  9:16  Marauder  
  135  9:20  Marine x2  
  137  9:28  Siege Tank  
  140  9:35  Starport Reactor  
  140  9:43  Supply Depot  
  140  9:44  Viking  
  140  9:45  Supply Depot, Marauder x3  
  148  9:47  Supply Depot  
  148  10:05  SCV, Marine x2, Siege Tank, Viking  
  148  10:06  Marine x2  
  163  10:07  SCV x3, Marauder  
  163  10:09  Supply Depot  
  163  10:11  Supply Depot  
  163  10:14  Viking  
  163  10:17  Viking x2  
  169  10:23  Marine x2  
  171  10:31  Terran Ship Weapons Level 2, Marauder x3  
  171  10:35  Viking  
  179  10:40  Supply Depot  
  179  10:42  Supply Depot  
  179  10:47  Viking x2  
  183  10:52  Refinery  
  183  10:55  Refinery  
  183  10:56  Planetary Fortress  
  183  10:57  Refinery  
  183  10:58  Refinery  
  183  11:04  Supply Depot  
  123  11:47  Marine x3  
  123  11:48  Viking  
  123  11:49  Viking x3  
  123  11:51  Marine x2  
  123  11:52  Thor  
  137  12:05  Marine x3  
  135  12:18  Viking  
  135  12:19  Viking x2  
  141  12:26  Marine x3  
  141  12:27  Marauder x2  
  141  12:29  Viking  
  150  12:36  Siege Tank  
  151  12:44  Marauder  
  151  12:46  Marine  
  151  12:47  Marine  
  151  12:48  Viking  
  151  12:49  Viking x2  
  157  12:59  Medivac  
  159  13:08  Widow Mine  
  159  13:09  Terran Ship Weapons Level 3  
  161  13:18  Medivac  
  161  13:19  Viking x2  
  167  13:28  Marine x4  
  167  13:29  Marauder, Widow Mine, Viking  
  167  13:33  Factory  
  177  13:37  Ghost Academy  
  177  13:46  Factory Tech Lab  
  177  13:47  Starport, Marauder x2  
  181  13:51  Factory  
  181  13:53  Marine x3  
  181  13:54  Viking  
  181  13:55  Viking x2  
  190  13:59  Viking  
  192  14:08  Marauder  
  133  14:24  Viking  
  133  14:25  Viking x2  
  133  14:29  Viking  
  141  14:34  Viking  
  113  14:54  Viking x2  
  113  14:55  Viking  
  113  14:59  Viking  
  115  15:04  Viking  
  100  15:24  Viking x3  
  100  15:28  Viking  
  100  15:34  Viking  
  100  15:42  Marine x5  
  105  15:46  Thor  
  111  15:50  Terran Vehicle Weapons Level 1  
  111  15:53  Armory  
  111  15:54  Viking x3  
  117  15:58  Viking  
  117  15:59  Marine x2  
  117  16:00  Marine, Marauder x2  
  128  16:15  Command Center x2  
  128  16:16  SCV x3  
  133  16:18  Marauder, Command Center  
  133  16:22  Marine x2, Marauder  
  133  16:23  Marine  
  133  16:24  Viking x3  
  144  16:28  Viking  
  144  16:29  Thor  
  144  16:32  Starport Reactor  
  150  16:39  Marauder  
  152  16:40  Marine x2  
  152  16:41  Marauder  
  152  16:43  Marauder  
  158  16:54  Viking x3  
  158  16:57  SCV x4  
  158  16:58  Viking  
  158  17:01  Marauder  
  172  17:09  Marine x2  
  172  17:10  Marine x2  
  172  17:12  Thor, Viking x2  
  186  17:22  Marauder  
  188  17:24  Viking x3  
  188  17:27  Marine x2  
  188  17:28  Marauder x2  
Show
View Real Time Build Order
Export as new Build Order

PrismoHUB Protoss 

Build Orders: Carriers 

Get SALT Encoding   

  12  0:04  Probe  
  13  0:15  Pylon  
  13  0:18  Probe  
  14  0:25  Assimilator  
  14  0:29  Probe  
  15  0:35  Assimilator  
  15  0:37  Probe  
  16  0:45  Probe  
  17  0:56  Probe  
  18  1:05  Probe  
  18  1:06  Gateway  
  19  1:13  Probe  
  20  1:20  Pylon  
  20  1:31  Probe  
  21  1:37  Forge  
  21  1:43  Probe  
  22  1:57  Cybernetics Core  
  22  2:04  Probe  
  22  2:05  Protoss Shields Level 1  
  23  2:15  Photon Cannon  
  23  2:19  Probe  
  24  2:27  Probe  
  24  2:35  Adept  
  26  2:54  Warp Gate  
  26  2:57  Stargate  
  26  2:59  Stargate  
  26  3:06  Probe  
  27  3:32  Nexus  
  27  3:48  Fleet Beacon  
  27  4:02  Pylon  
  27  4:09  Pylon  
  27  4:12  Probe  
  28  4:24  Twilight Council, Probe  
  29  4:38  Probe  
  30  4:40  Probe  
  30  4:43  Assimilator  
  31  4:48  Protoss Air Weapons Level 1  
  31  4:49  Probe  
  31  4:50  Probe  
  32  4:56  Stalker  
  35  5:00  Photon Cannon  
  35  5:02  Shield Battery  
  35  5:13  Void Ray  
  37  5:25  Stalker  
  37  5:27  Pylon  
  39  5:33  Carrier  
  37  5:45  Probe  
  37  5:48  Probe  
  45  5:54  Probe  
  45  5:58  Assimilator  
  45  6:00  Probe  
  45  6:03  Probe  
  48  6:19  Carrier  
  54  6:29  Probe, Stargate  
  54  6:33  Probe  
  54  6:37  Probe  
  56  6:45  Probe  
  58  6:47  Probe  
  58  6:49  Carrier  
  59  6:57  Probe  
  66  7:15  Probe x2  
  68  7:27  Probe  
  69  7:39  Pylon  
  69  7:42  Pylon  
  69  7:43  Nexus  
  69  7:51  Probe  
  69  7:53  Pylon  
  70  7:59  Probe  
  71  8:06  Robotics Facility  
  71  8:16  Flux Vanes  
  83  8:28  Void Ray  
  83  8:29  Void Ray x2  
  83  8:36  Probe  
  84  8:41  Protoss Air Weapons Level 2  
  84  8:42  Pylon, Probe  
  84  8:46  Assimilator  
  85  8:48  Probe  
  85  8:50  Assimilator, Probe  
  85  8:51  Probe  
  88  8:59  Probe  
  88  9:09  Probe  
  90  9:35  Carrier x3  
  108  9:52  Probe x3  
  111  10:04  Probe x3, Photon Cannon  
  111  10:06  Photon Cannon  
  114  10:10  Photon Cannon  
  114  10:29  Pylon  
  114  10:31  Pylon  
  114  10:47  Carrier  
  114  10:49  Carrier x2  
  132  10:50  Cybernetics Core  
  132  11:08  Protoss Air Armor Level 1  
  122  12:09  Carrier  
  122  12:13  Carrier  
  128  12:16  Carrier, Pylon  
  128  12:17  Pylon  
  128  12:19  Pylon  
  132  12:24  Dark Shrine  
  132  12:25  Templar Archives  
  128  12:48  Protoss Shields Level 2  
  128  13:02  Carrier  
  128  13:06  Carrier  
  128  13:09  Carrier  
  146  13:32  Stargate, Psionic Storm  
  146  13:35  Stargate  
  146  13:45  Shield Battery  
  146  13:47  Shield Battery  
  146  13:49  Shield Battery  
  146  14:02  Protoss Air Armor Level 2  
  146  14:07  Protoss Air Weapons Level 3  
  140  14:38  Carrier x2  
  116  15:36  Carrier  
  116  15:39  Carrier  
  116  15:40  Carrier  
  134  15:59  Carrier  
  134  16:12  Pylon  
  134  16:14  Nexus  
  134  16:16  Assimilator, Pylon x2  
  140  16:19  Assimilator  
  140  16:21  Carrier  
  140  16:24  Carrier  
  146  16:40  Shadow Stride  
  152  17:02  Carrier  
  158  17:25  Carrier  
  152  17:43  Carrier  
  140  18:02  Probe x2  
  140  18:03  Probe x2  
  126  18:14  Probe  
  126  18:16  Probe  
  118  18:25  Probe  
Show
View Real Time Build Order
Export as new Build Order

Hermit Protoss 

Build Orders: Double Forge 

Get SALT Encoding   

  12  0:00  Probe  
  13  0:14  Pylon  
  13  0:16  Probe  
  14  0:30  Probe  
  15  0:38  Gateway  
  15  0:40  Probe  
  15  0:41  Assimilator  
  15  0:48  Probe  
  17  0:57  Probe  
  18  1:10  Probe  
  19  1:28  Cybernetics Core  
  19  1:35  Probe  
  20  1:45  Pylon  
  20  1:49  Nexus  
  20  1:52  Probe  
  21  1:56  Warp Gate  
  21  1:57  Stalker  
  21  1:58  Assimilator  
  21  2:04  Probe  
  24  2:16  Probe  
  25  2:29  Gateway  
  25  2:30  Gateway  
  25  2:33  Probe  
  26  2:45  Probe  
  27  3:03  Probe x2  
  29  3:18  Forge  
  29  3:19  Forge  
  29  3:20  Stalker x2  
  29  3:25  Probe x2  
  35  3:36  Twilight Council  
  35  3:39  Probe  
  35  3:40  Pylon  
  35  3:41  Probe  
  37  4:08  Robotics Facility  
  37  4:09  Gateway  
  37  4:12  Gateway  
  37  4:17  Probe x2  
  37  4:24  Stalker x2  
  43  4:25  Stalker  
  43  4:30  Blink  
  45  4:51  Stalker  
  45  4:52  Stalker x2  
  42  5:19  Probe  
  42  5:20  Probe  
  42  5:27  Probe  
  44  5:28  Probe  
  44  5:30  Stalker  
  48  5:44  Probe  
  48  5:45  Probe  
  50  5:52  Assimilator  
  50  5:55  Stalker  
  50  5:56  Probe x2  
  52  5:57  Assimilator  
  54  6:14  Charge  
  54  6:23  Pylon  
  54  6:27  Pylon  
  54  6:41  Probe x2, Pylon  
  54  6:44  Pylon  
  56  6:47  Stalker x2  
  56  6:48  Stalker x2  
  56  6:50  Observer  
  56  6:53  Probe x2  
  67  7:06  Probe x2  
  69  7:18  Probe x2  
  71  7:23  Immortal  
  75  7:31  Probe x2  
  75  7:35  Stalker x3  
  83  7:38  Stalker  
  83  7:40  Observer  
  85  7:50  Observer  
  85  8:04  Observer  
  85  8:31  Observer  
  85  8:32  Probe  
  86  8:40  Pylon  
  86  8:41  Pylon  
  86  8:43  Pylon  
  86  8:44  Pylon  
  86  8:57  Observer  
  86  8:58  Probe, Immortal  
  90  9:23  Stalker x2  
  90  9:24  Stalker x3  
  100  9:49  Observer  
  101  10:03  Stargate  
  101  10:04  Stargate  
  101  10:06  Observer  
  102  10:08  Stargate  
  102  10:09  Stargate  
  102  10:12  Stargate  
  102  10:14  Stargate  
  102  10:30  Probe x2  
  104  11:02  Nexus  
  104  11:06  Assimilator  
  104  11:07  Assimilator  
  104  11:11  Pylon  
  104  11:15  Pylon  
  104  11:18  Pylon  
  62  11:46  Stalker  
  62  11:47  Stalker x4  
  88  12:24  Void Ray x3  
  88  12:25  Void Ray x3  
  87  12:57  Void Ray x3  
  87  12:58  Void Ray  
  73  13:01  Void Ray  
  73  13:02  Void Ray  
  97  13:21  Stalker  
  97  13:22  Stalker x4  
  105  14:04  Stalker x4  
  105  14:05  Stalker  
  57  14:34  Stalker x2  
  57  14:35  Stalker x3  
  49  15:10  Void Ray x3  
  49  15:11  Void Ray x2  
  69  15:30  Void Ray  
  85  16:19  Void Ray x2  
  85  16:20  Void Ray  
  85  16:47  Nexus  
  85  16:58  Assimilator  
  97  17:05  Void Ray x2  
  97  17:06  Void Ray  
  97  17:23  Assimilator  
  101  17:33  Void Ray  
  65  17:57  Stalker x3  
  65  17:58  Stalker x2  
Show
View Real Time Build Order
Export as new Build Order

ElTurry Zerg 

Build Orders: Pool First 

Get SALT Encoding   

  12  0:25  Spawning Pool, Drone  
  12  0:41  Overlord  
  12  0:49  Drone, Extractor  
  12  1:14  Queen  
  14  1:24  Extractor  
  13  1:29  Zergling x2  
  13  1:30  Zergling x4  
  16  2:22  Zergling x4  
  18  3:22  Zergling x8  
  19  3:48  Drone x2  
  21  4:05  Lair  
  21  4:07  Roach Warren  
  20  4:31  Overlord  
  20  4:38  Hatchery  
  19  4:50  Baneling Nest  
  14  5:34  Roach x4  
  14  5:35  Roach x4  
  30  5:46  Overlord x2  
  30  5:49  Overlord  
  30  6:00  Drone x2  
  30  6:01  Drone  
  33  6:10  Drone x2  
  35  6:37  Spire  
  34  6:59  Drone  
  34  7:00  Drone  
  36  7:07  Ravager  
  36  7:08  Ravager  
  38  7:27  Queen  
  38  7:29  Drone  
  41  7:35  Extractor  
  40  7:52  Mutalisk  
  42  8:04  Drone x2  
  44  8:05  Drone  
  45  8:33  Mutalisk  
  45  8:34  Mutalisk  
  49  8:52  Mutalisk  
  51  9:12  Hydralisk Den  
  51  9:16  Drone x2  
  52  9:24  Extractor  
  51  9:48  Hydralisk x3  
  57  9:54  Grooved Spines  
  57  10:04  Drone x3  
  60  10:45  Infestation Pit  
  60  10:49  Overlord x2  
  59  11:14  Corruptor x2  
  59  11:15  Corruptor  
  65  11:27  Drone x2  
  67  12:02  Corruptor x2  
  71  12:23  Hive  
  71  12:27  Drone x3  
  71  12:28  Overlord  
  74  12:43  Corruptor  
  76  12:51  Hydralisk  
  78  13:10  Corruptor x2  
  82  13:57  Corruptor  
  82  14:01  Overlord x2  
  30  15:11  Corruptor  
  30  15:12  Corruptor x5  
  42  15:20  Corruptor  
  44  15:39  Corruptor  
  46  15:55  Drone  
  46  15:56  Drone x2  
  49  16:10  Greater Spire  
  49  16:29  Ultralisk Cavern  
  48  16:33  Drone x2  
  50  17:34  Mutalisk, Ultralisk x2  
  50  17:36  Corruptor  
Tags
 
Add a new tag
Caveats
  • Supply blocks, unpowered buildings, or Contaminate may cause inaccurate times.
  • Supply counts are checked every 10 seconds.